 Dungeon Crawl Stone Soup version 0.32-a0-683-ge26c5db (webtiles) character file.

Game seed: 7453775971488486298

120 Toastz the Firebug (level 4, 0/36 HPs)
             Began as a Mountain Dwarf Fire Elementalist on Mar 11, 2024.
             Succumbed to a scorpion's poison
             ... on level 3 of the Dungeon.
             The game lasted 00:09:41 (3587 turns).

Toastz the Firebug (MDFE)                           Turns: 3587, Time: 00:09:42

Health: 0/36       AC:  4    Str: 16    XL:     4   Next: 75%
Magic:  2/7        EV: 11    Int: 18    God:
Gold:   73         SH:  0    Dex: 10    Spells: 4/7 levels left

rFire   . . .        h - +0 whip
rCold   . . .        (no shield)
rNeg    . . .        j - +0 leather armour
rPois   .            (no helmet)
rElec   .            (no cloak)
rCorr   .            (no gloves)
SInv    .            r - +0 pair of boots
Will    .....        (no amulet)
Stlth   +            g - +6 ring of strength
HPRegen 0.26/turn    (no ring)
MPRegen 0.10/turn

%: no passive effects
@: brilliant, lethally poisoned (0 -> -1), on berserk cooldown, hasted and
slowed
A: runic magic, artefact enchanting
a: no special abilities


You were on level 3 of the Dungeon.
You visited 1 branch of the dungeon, and saw 4 of its levels.

You collected 73 gold pieces.

Inventory:

Hand Weapons
 e - a +0 dagger
 h - a +0 whip (weapon)
Missiles
 l - 2 datura-tipped darts
Armour
 j - a +0 leather armour (worn)
 m - a +0 ring mail
 r - a +0 pair of boots (worn)
Jewellery
 a - a ring of positive energy
 g - a +6 ring of strength (left hand)
Scrolls
 c - a scroll of enchant weapon
 k - 2 scrolls of enchant armour
 n - a scroll of vulnerability {unknown}
 p - a scroll of poison {unknown}
 q - a scroll of teleportation {unknown}
Potions
 b - a potion of magic
 f - a potion of berserk rage
 o - a potion of might {unknown}


   Skills:
 + Level 1.9 Fighting
 + Level 1.2 Armour
 - Level 1.6 Dodging
 - Level 1.4 Stealth
 + Level 2.4 Spellcasting
 + Level 2.0 Conjurations
 + Level 4.4 Fire Magic


You had 4 spell levels left.
You knew the following spells:

 Your Spells              Type           Power      Damage    Failure   Level
a - Foxfire               Conj/Fire      80%        2x1d8     4%          1
s - Scorch                Fire           54%        2d7       4%          2

Your spell library contained the following spells:

 Spells                   Type           Power      Damage    Failure   Level
 Sting                    Conj/Alch      32%        1d5       12%         1
 Apportation              Tloc           6%         N/A       19%         1
 Necrotise                Necr           12%        1d4       19%         1
 Summon Small Mammal      Summ           12%        N/A       19%         1
 Inner Flame              Hex/Fire       15%        N/A       22%         3
 Volatile Blastmotes      Fire/Tloc      30%        2d12      22%         3
 Flame Wave               Conj/Fire      20%        2d7       43%         4


Dungeon Overview and Level Annotations

Branches:
Dungeon (4/15)
 Temple: D:4-7

Altars:
Uskayaw
Xom

Shops:
D:1 [


Innate Abilities, Weirdness & Mutations

Your spellcasting is much less encumbered by armour.
You can use scrolls of enchantment on lesser artefacts.


Message History

You feel sick.
* * * LOW HITPOINT WARNING * * *
You feel sick.
* * * LOW HITPOINT WARNING * * *
You feel sick.
There is a stone staircase leading up here.
* * * LOW HITPOINT WARNING * * *
You feel sick.
You climb upwards.
* * * LOW HITPOINT WARNING * * *
You feel sick.
There is a stone staircase leading down here.
There is a lethal amount of poison in your body!
It was a potion of berserk rage.
A red film seems to cover your vision as you go berserk!
You feel yourself moving faster!
You feel mighty!
* * * LOW HITPOINT WARNING * * *
You feel sick.
Unknown command.
You are too berserk!
You are too berserk!
You start resting.
You feel a strong urge to attack something.
* * * LOW HITPOINT WARNING * * *
You feel sick.
Your magical contamination has completely faded away.
You start resting.
You feel your anger nearly subside.
* * * LOW HITPOINT WARNING * * *
You feel sick.
You start resting.
You are no longer berserk.
You are exhausted.
You feel yourself slow down.
* * * LOW HITPOINT WARNING * * *
You feel sick.
There is a lethal amount of poison in your body!
It was a potion of brilliance.
You feel clever all of a sudden.
You die...

##.#.#.# #.# #.#.#.# #.#
#.#.#.# #.########### #.#.#.#
#.#....[....##### #.#.#.#
#.#.............. #.#.#.#
#.#.........###.. #.#.#.#
#.########.## #..
#.#.#.#########.########.# #..
#.#.#.........@..........####..
#.#.##########.................
#.#.#...........##########...##
#.#.##.#............########.##
#.#............................
#.#...........<####.#########.#
#.#.......####...o........# #..
#.#######.# #.####.#####.# ###
#.# #.# #.# #.# #.#


There were no monsters in sight!

Vanquished Creatures
  An orc wizard (D:3)
  3 adders (D:2)
  A ribbon worm (D:2)
  3 orcs (D:3)
  10 endoplasms
  6 giant cockroaches
  7 goblins
  8 hobgoblins
  4 jackals (D:3)
  A quokka (D:2)
  6 ball pythons
  5 bats
  3 frilled lizards
  6 kobolds
  4 rats
68 creatures vanquished.

Vanquished Creatures (others)
  142 foxfires
142 creatures vanquished.

Grand Total: 210 creatures vanquished

Notes
Turn   | Place    | Note
-------+----------+-------------------------------------------
     0 | D:1      | Toastz the Mountain Dwarf Fire Elementalist began the quest
                  | for the Orb.
     0 | D:1      | Reached XP level 1. HP: 14/14 MP: 3/3
    44 | D:1      | Found Qabrar's Armour Emporium.
    86 | D:1      | Reached skill level 1 in Conjurations
   226 | D:1      | Reached XP level 2. HP: 18/22 MP: 1/4
   586 | D:1      | Reached skill level 1 in Fighting
   890 | D:1      | Reached skill level 4 in Fire Magic
   979 | D:1      | Reached XP level 3. HP: 28/28 MP: 3/6
  2024 | D:2      | Reached XP level 4. HP: 34/35 MP: 7/7
  2458 | D:3      | Found a shimmering altar of Xom.
  2491 | D:3      | Found a hide-covered altar of Uskayaw.
  2822 | D:3      | Reached skill level 1 in Armour
  3303 | D:3      | Learned a level 2 spell: Scorch
  3560 | D:4      | Noticed a scorpion
  3586 | D:3      | HP: 1/36 [poisoned by a scorpion]
  3587 | D:3      | Succumbed to a scorpion's poison

Illustrated notes

Levels and vault maps discovered:
D:1:      dpeg_arrival_prison, layout_basic, serial_shops, shop_statue
D:2:      layout_loops_corners
D:3:      layout_basic, chequers_temple_overflow_statue_of_worship,
          minmay_misc_feat_five
D:4:      layout_layer_cave

Skill      XL: |  1  2  3  4 |
---------------+-------------+-----
Conjurations   | 1 2 |  2.0
Spellcasting   | 2 |  2.4
Fighting       | 1 |  1.9
Fire Magic     | 4 |  4.4
Armour         | 1 |  1.2
Dodging        | |  1.6
Stealth        | |  1.4

Action                     |  1- 3 |  4- 6 || total
---------------------------+-------+-------++-------
  Melee: Unarmed           |     7 |       ||     7
         Dagger            |     7 |       ||     7
         Whip              |    52 |    25 ||    77
   Cast: Foxfire           |    51 |    39 ||    90
         Scorch            |       |     2 ||     2
    Use: Scroll            |       |     3 ||     3
         Potion            |       |     3 ||     3
   Stab: Sleeping          |     2 |     1 ||     3
 Armour: Robe              |    25 |       ||    25
         Leather armour    |    21 |    54 ||    75
  Dodge: Dodged            |    46 |    32 ||    78

Table legend: (Time is in decaauts)
 A = Elapsed time spent in this place.
 B = Non-inter-level travel time spent in this place.
 C = Inter-level travel time spent in this place.
 D = Time resting spent in this place.
 E = Time spent auto-exploring this place.
 F = Levels seen in this place.
 G = Mean time per level.
                   A        B        C        D        E       F      G
               +--------+--------+--------+--------+--------+-----+--------+
         Total |   3587 |   3475 |    112 |    408 |   2393 |   4 |  896.8 |
       Dungeon |   3587 |   3475 |    112 |    408 |   2393 |   4 |  896.8 |
               +--------+--------+--------+--------+--------+-----+--------+

Top non-repeatable levels by time:
     D:2: 1224 daAuts
     D:3: 1157 daAuts
     D:1: 1153 daAuts
     D:4: 52 daAuts
